 Dungeon Crawl Stone Soup version 0.29.1-2-gbd0b4ee654 (webtiles) character file.

Game seed: 16552982881928607157

58 xian the Trooper (level 3, 0/30 HPs)
             Began as a Demonspawn Abyssal Knight on Nov 16, 2022.
             Was a Believer of Lugonu.
             Killed by nerve-wracking pain
             ... invoked by Grinder
              (6 damage)
             ... on level 3 of the Dungeon.
             The game lasted 00:04:31 (2219 turns).

xian the Trooper (Demonspawn Abyssal Knight)        Turns: 2219, Time: 00:04:32

Health: 0/30       AC:  7    Str: 15    XL:     3   Next: 75%
Magic:  5/5        EV: 12    Int: 11    God:    Lugonu [**....]
Gold:   141        SH:  0    Dex: 13    Spells: 2/2 levels left

rFire   . . .      SeeInvis .   a - +1 hand axe
rCold   . . .      Faith    .   (no shield)
rNeg    . . .      Spirit   .   e - +0 ring mail
rPois   .          Reflect  .   (no helmet)
rElec   .          Harm     .   (no cloak)
rCorr   .          Rampage  .   f - +0 pair of gloves
Will    .....                   p - +0 pair of boots
Stlth   +.........              (no amulet)
HPRegen 0.10/turn               (no ring)
MPRegen 0.09/turn               (no ring)

@: mighty, brilliant
A: repulsion field 1, weakness stinger 1
a: Renounce Religion, Depart the Abyss, Bend Space


You were on level 3 of the Dungeon.
You worshipped Lugonu.
Lugonu was pleased with you.
You visited 1 branch of the dungeon, and saw 3 of its levels.
You visited the Abyss 1 time.

You collected 141 gold pieces.

Inventory:

Hand Weapons
 a - a +1 hand axe (weapon)
 m - a +1 sling of flaming
Armour
 e - a +0 ring mail (worn)
 f - a +0 pair of gloves (worn)
 p - a +0 pair of boots (worn)
Scrolls
 d - 3 scrolls of identify {unknown}
 g - a scroll of torment {unknown}
 h - a scroll of vulnerability {unknown}
 j - a scroll of enchant weapon {unknown}
 l - 2 scrolls of butterflies {unknown}
 o - 2 scrolls of teleportation {unknown}
Potions
 b - 3 potions of curing
 c - a potion of brilliance
 k - 2 potions of heal wounds {unknown}
 n - a potion of lignification {unknown}


   Skills:
 + Level 3.7 Fighting
 + Level 2.3 Axes
 + Level 0.1 Ranged Weapons
 + Level 2.2 Armour
 + Level 1.0 Dodging
 + Level 0.1 Stealth
 * Level 3.0 Invocations


You had 2 spell levels left.
You didn't know any spells.
Your spell library was empty.

Dungeon Overview and Level Annotations

Branches:
Dungeon (3/15)

Altars:

Annotations:
D:3 Grinder


Innate Abilities, Weirdness & Mutations

You are surrounded by a mild repulsion field. (EV +2)
You have a small tail.


Message History

It was a potion of might.
You feel very mighty all of a sudden. Grinder hits you.
You writhe in agony.
* * * LOW HITPOINT WARNING * * *
The hobgoblin hits you but does no damage.
Unknown command.
You barely miss Grinder. You slash the hobgoblin!
You kill the hobgoblin!
Lugonu accepts your kill. Grinder misses you. Grinder barely misses you.
Unknown command.
You slash Grinder!
Your tail-slap misses Grinder.
Grinder is moderately wounded.
Grinder closely misses you.
Unknown command.
You hit Grinder. You tail-slap Grinder!
Grinder is severely wounded.
Grinder misses you.
Unknown command.
You completely miss Grinder.
Grinder is severely wounded.
Grinder gestures at you.
You suddenly lose the ability to move!
Grinder hits you but does no damage.
Grinder says, "FISH!"
Grinder gestures at you.
You shrug off the repeated paralysis!
Grinder hits you but does no damage. Grinder hits you.
* * * LOW HITPOINT WARNING * * *
You can move again.
You hit Grinder.
Grinder is severely wounded.
Grinder blinks!
Unknown command.
Grinder blinks!
Unknown command.
Grinder gestures at you. Pain shoots through your body!
You die...

..... ... ..# .... ....#
#.# ... #'# ..#.. ...
#.# .#.######### #'# #.#
..........# #.# #.#
#.........#
###.####.#####†........#
.........†...'.......[.+
###.##########..@...§..#
#.# #.........+ #.#
#....5....# ###.#
###+####### ..#.# ....#
#..## ##.## ####
#..######..


You could see Grinder.

Vanquished Creatures
  An adder (D:2)
  A worm (D:2)
  A dart slug (D:2)
  An orc (D:3)
  5 ball pythons
  4 bats (D:2)
  3 endoplasms
  2 giant cockroaches
  2 goblins
  3 hobgoblins
  4 jackals (D:1)
  A quokka (D:2)
  2 frilled lizards (D:2)
  4 kobolds
  5 rats
39 creatures vanquished.

Notes
Turn   | Place    | Note
-------+----------+-------------------------------------------
     0 | Abyss:1  | xian the Demonspawn Abyssal Knight began the quest for the
                  | Orb.
     0 | Abyss:1  | Reached XP level 1. HP: 18/18 MP: 2/2
    55 | Abyss:1  | Found a corrupted altar of Lugonu.
    75 | Abyss:1  | Found a corrupted altar of Lugonu.
   168 | Abyss:3  | Noticed a +0 long sword of holy wrath
   172 | D:1      | Escaped the Abyss
   296 | D:1      | Gained mutation: You are surrounded by a mild repulsion
                  | field. (EV +2) [demonic ancestry]
   296 | D:1      | Reached XP level 2. HP: 5/24 MP: 3/3
   638 | D:1      | Reached ** piety under Lugonu
  1127 | D:2      | Reached skill level 1 in Dodging
  1148 | D:2      | Gained mutation: You have a small tail. [demonic ancestry]
  1148 | D:2      | Reached XP level 3. HP: 24/29 MP: 5/5
  2195 | D:3      | Noticed Grinder
  2196 | D:3      | Paralysed by Grinder for 4 turns
  2202 | D:3      | Paralysed by Grinder for 3 turns
  2211 | D:3      | Paralysed by Grinder for 5 turns
  2219 | D:3      | Killed from afar by Grinder

Illustrated notes

Levels and vault maps discovered:
D:1:      scummos_arrival_gate, layout_rooms
D:2:      layout_basic, minmay_misc_feat_plants
D:3:      cheibrodos_old_hovel, layout_basic, shapermc_ecumenical_altar_pompeii,
          hangedman_abyss_or_decor_stabs, uniq_jessica, uniq_grinder

Skill      XL: |  1  2  3 |
---------------+----------+-----
Armour         | 2 |  2.2
Axes           | 2 |  2.3
Dodging        | 1 |  1.0
Invocations    | 3 |  3.0
Fighting       | |  3.7
Ranged Weapons | |  0.1
Stealth        | |  0.1

Action                   || total
-------------------------++-------
Melee: Hand axe          ||    92
       Tailslap          ||     4
 Fire: Sling             ||    16
Invok: Depart the Abyss  ||     1
  Use: Potion            ||     3
Armor: Ring mail         ||    53
Dodge: Dodged            ||    83
